 Dungeon Crawl Stone Soup version 0.29.1-14-g9c671dbff4 (webtiles) character file.

Game seed: 3485459869708585523

38 hawla the Firebug (level 3, -2/26 HPs)
             Began as a Meteoran Fire Elementalist on Feb 17, 2023.
             Slain by a jackal (3 damage)
             ... on level 4 of the Dungeon.
             The game lasted 00:01:25 (218 turns).

hawla the Firebug (Meteoran Fire Elementalist)       Turns: 218, Time: 00:01:26

Health: -2/26      AC:  2    Str:  9    XL:     3   Next: 91%
Magic:  4/8        EV: 13    Int: 18    God:
Gold:   58         SH:  0    Dex: 15    Spells: 7/8 levels left

rFire   . . .      SeeInvis .   d - +0 dagger (venom)
rCold   . . .      Faith    .   (no shield)
rNeg    . . .      Spirit   .   a - +0 robe
rPois   .          Reflect  .   (no helmet)
rElec   .          Harm     .   (no cloak)
rCorr   .          Rampage  .   (no gloves)
Will    .....                   (no boots)
Stlth   +.........              (no amulet)
HPRegen 0.08/turn               (no ring)
MPRegen 0.11/turn               (no ring)

@: glowing
A: sense surroundings 1, otherworldly, glowing, explore regen
a: no special abilities


You were on level 4 of the Dungeon.
You visited 1 branch of the dungeon, and saw 4 of its levels.

You collected 58 gold pieces.

Inventory:

Hand Weapons
 d - a +0 dagger of venom (weapon)
Armour
 a - a +0 robe (worn)
Potions
 b - a potion of magic
 c - a potion of cancellation
 e - a potion of curing {unknown}


   Skills:
 + Level 2.7 Dodging
 - Level 1.4 Stealth
 + Level 3.4 Spellcasting
 + Level 1.4 Conjurations
 + Level 4.6 Fire Magic


You had 7 spell levels left.
You knew the following spells:

 Your Spells              Type           Power      Damage    Failure   Level
a - Foxfire               Conj/Fire      56%        2x1d6     4%          1

Your spell library contained the following spells:

 Spells                   Type           Power      Damage    Failure   Level
 Scorch                   Fire           38%        2d6       3%          2
 Magic Dart               Conj           32%        1d4       9%          1
 Searing Ray              Conj           16%        2d5       13%         2
 Conjure Flame            Conj/Fire      14%        6-21      14%         3
 Inner Flame              Hex/Fire       11%        N/A       19%         3
 Flame Wave               Conj/Fire      14%        2d6       41%         4
 Fulminant Prism          Conj/Hex       2%         3d6       75%         4


Dungeon Overview and Level Annotations

Branches:
Dungeon (4/15) Zot: 2182
 Temple: D:4-7

Altars:
Hepliaklqana


Innate Abilities, Weirdness & Mutations

You passively map a small area around you.
You are easily found by Zot.
You glow in the dark.
You regain HP and MP as you explore.


Message History

The iguana is almost dead.
The iguana bites you.
* * * LOW HITPOINT WARNING * * *
You aren't carrying any scrolls.
Unknown command.
The jackal attacks as you move away! The jackal bites you.
* * * LOW HITPOINT WARNING * * *
You kill the iguana!
You have reached level 3!
Your experience leads to an increase in your attributes!
Increase (S)trength, (I)ntelligence, or (D)exterity?
You feel clever. x2; You feel agile.
Casting: Foxfire (safe; 4% risk of failure)
Confirm with . or Enter, or press ? or * to list all spells.
You conjure some foxfire!
The jackal bites you but does no damage.
The jackal bites you.
* * * LOW HITPOINT WARNING * * *
The foxfire hits the jackal but does no damage.
The foxfire hits the jackal.
You kill the jackal!
The jackal barely misses you. The jackal bites you.
* * * LOW HITPOINT WARNING * * *
A kobold comes into view. It is wielding a +0 short sword.
The kobold shouts!
The jackal attacks as you move away! The jackal barely misses you.
The jackal attacks as you move away! The jackal bites you.
* * * LOW HITPOINT WARNING * * *
Casting: Foxfire (safe; 4% risk of failure)
Confirm with . or Enter, or press ? or * to list all spells.
You conjure some foxfire!
The jackal bites you.
* * * LOW HITPOINT WARNING * * *
The foxfire hits the jackal.
The jackal is almost dead.
The jackal closely misses you.
You closely miss the jackal.
The foxfire hits the jackal.
The jackal is severely wounded.
The jackal bites you.
You die...

.......†...#
...P†)..P..#
,
.....P..†..#
...#..K....#
..§P.......#
P..P_.P..#.#
,
.§..§P.....#
...##.hPh..#
,
..#...#@..##
#.#....P.#
#.P.#...#
#.....###
#######


You could see 2 jackals and a kobold.

Vanquished Creatures
  An iguana (D:4)
  2 endoplasms
  A giant cockroach (D:1)
  2 goblins
  2 jackals (D:4)
  2 kobolds
  A ball python (D:3)
11 creatures vanquished.

Vanquished Creatures (others)
  25 foxfires
25 creatures vanquished.

Grand Total: 36 creatures vanquished

Notes
Turn   | Place    | Note
-------+----------+-------------------------------------------
     0 | D:1      | hawla the Meteoran Fire Elementalist began the quest for
                  | the Orb.
     0 | D:1      | Reached XP level 1. HP: 14/14 MP: 5/5
   153 | D:3      | Reached XP level 2. HP: 20/20 MP: 3/6
   184 | D:3      | Reached skill level 4 in Fire Magic
   204 | D:4      | Found a hazy altar of Hepliaklqana.
   211 | D:4      | Reached XP level 3. HP: 7/26 MP: 5/8
   217 | D:4      | HP: 1/26 [jackal (1)]
   218 | D:4      | Slain by a jackal

Illustrated notes

Levels and vault maps discovered:
D:1:      minmay_arrival_solitary_statue, layout_rooms
D:2:      layout_loops_ring, shapermc_ecumenical_altar_notcrosses
D:3:      minmay_angry_zag, layout_loops_ring
D:4:      layout_basic, mainiacjoe_overflow_tiny_flanked,
          nicolae_hepliaklqana_hazy_memory, reono_crystal_passage, uniq_robin

Skill      XL: |  1  2 |
---------------+-------+-----
Spellcasting   | 3 |  3.4
Fire Magic     | 4 |  4.6
Dodging        | |  2.7
Stealth        | |  1.4
Conjurations   | |  1.4

Action                   || total
-------------------------++-------
Melee: Unarmed           ||     1
       Dagger            ||     2
 Cast: Foxfire           ||    16
  Use: Scroll            ||     1
Armor: Robe              ||     5
Dodge: Dodged            ||     3
